 Dungeon Crawl Stone Soup version 0.23-a0-378-gd7a6ca6 (webtiles) character file.

106 MisterFreud the Sneak (level 4, -1/54 HPs)
             Began as a Naga Fire Elementalist on Oct 27, 2018.
             Slain by a gnoll shaman
             ... wielding a +0 whip of electrocution
              (11 damage)
             ... on level 3 of the Dungeon.
             The game lasted 00:11:27 (3055 turns).

MisterFreud the Sneak (Naga Fire Elementalist)      Turns: 3055, Time: 00:11:28

Health: -1/54      AC: 22    Str: 10    XL:     4   Next: 84%
Magic:  7/7        EV:  1    Int: 21    God:
Gold:   168        SH:  0    Dex: 11    Spells: 3/7 levels left

rFire    . . .     SeeInvis +   x - +0 halberd
rCold    . . .     Gourm    .   (shield currently unavailable)
rNeg     + + +     Faith    .   (armour currently unavailable)
rPois    +         Spirit   .   (helmet currently unavailable)
rElec    .         Reflect  .   (cloak currently unavailable)
rCorr    .         Harm     .   (gloves currently unavailable)
MR       .....     NoTele   +   (no barding)
Stlth    +++.......             (no amulet)
HPRegen  0.18/turn              i - +4 ring of intelligence
MPRegen  0.10/turn              (no ring)

@: tree-form, hasted, very quick
A: large, see invisible, slow metabolism 1, spit poison 1, AC +1
a: Spit Poison


You were on level 3 of the Dungeon.
You were not hungry.
You were a tree.
You visited 1 branch of the dungeon, and saw 4 of its levels.

You collected 168 gold pieces.

Inventory:

Hand Weapons
 a - a +0 whip
 h - a +0 hunting sling
 x - a +0 halberd (weapon)
Missiles
 k - 48 arrows
 l - 88 stones (quivered)
 o - 4 tomahawks
 r - 2 throwing nets
 v - 29 bolts
Armour
 g - a +0 robe (melded)
 q - a +3 ring mail
Jewellery
 i - a +4 ring of intelligence (left branch)
Scrolls
 s - a scroll of magic mapping
 u - a scroll of enchant weapon {unknown}
 w - a scroll of remove curse
Potions
 b - 2 potions of cancellation
 d - 2 potions of lignification
 j - a potion of ambrosia
 m - a potion of flight
 n - a potion of magic {unknown}
 t - a potion of brilliance {unknown}
Comestibles
 c - 8 rations


   Skills:
 - Level 1.5 Dodging
 - Level 6.0 Stealth
 - Level 2.0 Spellcasting
 + Level 3.0 Conjurations
 + Level 3.0 Fire Magic


You had 3 spell levels left.
You knew the following spells:

 Your Spells              Type           Power        Failure   Level  Hunger
a - Flame Tongue          Conj/Fire      ##...        4%          1    #......
b - Conjure Flame         Conj/Fire      ##......     13%         3    ###....

Your spell library contained the following spells:

 Spells                   Type           Power        Failure   Level  Hunger
 Throw Flame              Conj/Fire      ##....       6%          2    ##.....
 Inner Flame              Hex/Fire       #.......     24%         3    ###....
 Sticky Flame             Conj/Fire      ##......     38%         4    #####..
 Fireball                 Conj/Fire      ##........   75%         5    ######.


Dungeon Overview and Level Annotations

Branches:
Dungeon (4/15)
 Temple: D:4-7

Altars:
Okawaru


Innate Abilities, Weirdness & Mutations

You cannot wear boots.
((Your serpentine skin is tough. (AC +1)))
You have supernaturally acute eyesight. (SInv)
((Armour fits poorly on your strangely shaped body.))
((Your system is resistant to poisons. (rPois)))
((You cover ground very slowly.))
You have a slow metabolism.
You can spit poison.


Message History

You feel better. The gnoll hits you but does no damage.
You hit the gnoll shaman.
The gnoll shaman is heavily wounded.
The gnoll shaman prays to its god.
The gnoll shaman is healed somewhat.
The gnoll hits you but does no damage.
You closely miss the gnoll shaman.
The gnoll shaman is moderately wounded.
The gnoll shaman hits you but does no damage.
The gnoll hits you but does no damage.
You hit the gnoll shaman but do no damage.
The gnoll shaman is moderately wounded.
The gnoll shaman hits you with a +0 whip of electrocution.
* * * LOW HITPOINT WARNING * * *
The gnoll hits you with a +0 whip.
* * * LOW HITPOINT WARNING * * *
You puncture the gnoll shaman!
The gnoll shaman is severely wounded.
The gnoll shaman hits you but does no damage.
You are electrocuted!
You die...

........##### .#####......# .#
######.#### .# #......# .#####
#.#.##.# .....# #.#.##.# .....#
#.#....### ....[# #.......g#
.....####......#♣#
...........##.##g#
########.#....##.# #.......####.#
#.#.#)..####.# ####.._.........#
##....#.#...###### #######
............########## #.....#
##...................###.....####


You could see a gnoll shaman and a gnoll.

Vanquished Creatures
  4 gnolls
  An adder skeleton (D:2)
  A worm (D:2)
  3 dart slugs
  3 giant cockroaches
  5 hobgoblins
  6 jackals (D:3)
  A bat (D:1)
  11 frilled lizards
  A giant cockroach zombie (D:2)
  9 goblins
  9 kobolds
  5 rats
59 creatures vanquished.

Notes
Turn   | Place    | Note
-------+----------+-------------------------------------------
     0 | D:1      | MisterFreud the Naga Fire Elementalist began the quest for
                  | the Orb.
     0 | D:1      | Reached XP level 1. HP: 15/15 MP: 3/3
   296 | D:1      | Reached XP level 2. HP: 22/22 MP: 0/5
   639 | D:1      | Reached skill level 4 in Stealth
   705 | D:1      | Reached XP level 3. HP: 22/28 MP: 0/6
  1414 | D:2      | Reached skill level 5 in Stealth
  1446 | D:2      | Reached XP level 4. HP: 33/36 MP: 7/7
  2421 | D:3      | Found an iron altar of Okawaru.
  2628 | D:3      | Learned a level 3 spell: Conjure Flame
  3026 | D:4      | Reached skill level 6 in Stealth
  3044 | D:3      | HP: 1/54 [gnoll shaman/+0 whip of electrocution (16)]
  3050 | D:3      | HP: 2/54 [gnoll shaman/+0 whip of electrocution (3)]
  3055 | D:3      | Slain by a gnoll shaman

Vault maps used:
D:1:      dpeg_arrival_renting, serial_forest, infiniplex_forest_lined_2,
          infiniplex_forest_lined_3, infiniplex_forest_clump_long,
          infiniplex_forest_lined_3, infiniplex_forest_clump_double,
          infiniplex_forest_lined_1, infiniplex_forest_lined_4_way,
          infiniplex_forest_lined_ring
D:2:      first_ration, serial_co_window_serial, co_window_paths_a,
          co_window_of_opportunity_a, co_window_of_opportunity_a,
          co_window_of_opportunity_a, co_window_paths_a, co_window_paths_a,
          co_window_corner_b, co_window_2corner, co_window_of_opportunity_b,
          co_window_broadway_c, co_window_cross_4, co_window_corner_b,
          co_window_sun, co_window_paths_d, glass_columns_a, minmay_lizard_pond
D:3:      okawaru_metal_pillars_1_2
D:4:      kennysheep_another_room, uniq_ijyb, uniq_edmund

Skill      XL: |  1  2  3  4 |
---------------+-------------+-----
Stealth        | 4 5 6 |  6.0
Conjurations   | 2 3 |  3.0
Dodging        | |  1.5
Spellcasting   | |  2.0
Fire Magic     | |  3.0

Action                   |  1- 3 |  4- 6 || total
-------------------------+-------+-------++-------
Melee: Whip              |    22 |    12 ||    34
       Halberd           |       |    15 ||    15
 Cast: Flame Tongue      |    33 |    23 ||    56
 Abil: Spit Poison       |    26 |    22 ||    48
  Use: Scroll            |     5 |     6 ||    11
       Potion            |       |     8 ||     8
 Stab: Sleeping          |     2 |     1 ||     3
  Eat: Chunk             |     3 |     6 ||     9
Armor: Robe              |     7 |     2 ||     9
       Skin              |       |    26 ||    26
Dodge: Dodged            |    27 |    10 ||    37

Table legend:
 A = Non-vault XP
 B = Vault XP
 C = Vault XP percentage of total XP
 D = Non-vault monster count
 E = Vault monster count
 F = Vault count percentage of total count
                 A         B        C        D         E       F
            +---------+---------+-------+---------+---------+-------
      Total |     147 |       5 |   3.3 |      54 |       5 |   8.5
            +---------+---------+-------+---------+---------+-------
        D:1 |      39 |       0 |   0.0 |      25 |       0 |   0.0
        D:2 |      67 |       5 |   6.9 |      13 |       5 |  27.8
        D:3 |      27 |       0 |   0.0 |      15 |       0 |   0.0
        D:4 |      14 |       0 |   0.0 |       1 |       0 |   0.0
            +---------+---------+-------+---------+---------+-------
